 Dungeon Crawl Stone Soup version 0.30-a0-722-g3e6e8c874d (webtiles) character file.

Game seed: 15258588889113846118

116675 Mitcholas the Marksdraconian (level 16, -11/141 HPs)
             Began as a Black Draconian Hunter on Jan 27, 2023.
             Was the Champion of Okawaru.
             Mangled by Donald
             ... wielding a +0 eveningstar
              (22 damage)
             ... on level 1 of the Shoals.
             The game lasted 01:30:40 (21984 turns).

Mitcholas the Marksdraconian (DrHu)                Turns: 21984, Time: 01:30:41

Health: -11/141    AC: 15    Str: 12    XL:     16   Next: 21%
Magic:  29/29      EV: 25    Int: 16    God:    Okawaru [******]
Gold:   2253       SH:  0    Dex: 22    Spells: 24/33 levels left

rFire   . . .      SeeInvis .    M - +9 arbalest (elec)
rCold   . . .      Faith    .    (shield currently unavailable)
rNeg    . . .      Spirit   .    (body armour unavailable)
rPois   +          Reflect  .    P - +0 hat
rElec   +          Harm     .    z - scarf {+Inv}
rCorr   +          Rampage  .    B - +2 pair of gloves
Will    .....                    E - +2 pair of boots
Stlth   +++                      l - amulet of regeneration
HPRegen 1.23/turn                c - +5 ring of evasion
MPRegen 0.21/turn                m - ring of the Salmon {Drain +Blink rPois rCorr Int+6}

@: about to teleport, short of breath, weak-willed, flying
A: breathe lightning, AC +9, unfitting armour, big wings, electricity
resistance, cold-blooded, weak 1
a: Breathe Lightning, Renounce Religion, Evoke Blink, Evoke Invisibility,
Heroism, Finesse, Duel


You were on level 1 of the Shoals.
You worshipped Okawaru.
Okawaru was exalted by your worship.
You visited 5 branches of the dungeon, and saw 24 of its levels.
You also visited: Ice Cave.

You collected 2253 gold pieces.

Inventory:

Hand Weapons
 M - a +9 arbalest of electrocution (weapon)
Missiles
 b - 2 throwing nets
Armour
 z - a scarf of invisibility (worn)
 B - a +2 pair of gloves (worn)
 E - a +2 pair of boots (worn)
 P - a +0 hat (worn)
Jewellery
 c - a +5 ring of evasion (left hand)
 i - a ring of ice
 l - an amulet of regeneration (around neck)
 m - the ring of the Salmon (right hand) {Drain +Blink rPois rCorr Int+6}
   (You acquired it on level 15 of the Dungeon)

   [ring of intelligence]

   Int:       It affects your intelligence (+6).
   rPois:     It protects you from poison.
   +Blink:    It lets you blink.
   rCorr:     It protects you from acid and corrosion.
   Drain:     It drains your maximum health when unequipped.
 n - a ring of see invisible
Wands
 j - a wand of flame (5)
 G - a wand of iceblast (15)
 J - a wand of polymorph (5)
 N - a wand of digging (2)
Scrolls
 d - 5 scrolls of fog
 f - 14 scrolls of teleportation
 g - 5 scrolls of enchant weapon
 p - 4 scrolls of amnesia
 u - 5 scrolls of enchant armour
 x - a scroll of silence
 A - 4 scrolls of poison
 C - a scroll of vulnerability
 H - 6 scrolls of blinking
 I - 2 scrolls of fear
 K - 3 scrolls of magic mapping
Potions
 a - 2 potions of magic {unknown}
 e - 2 potions of might {unknown}
 h - 3 potions of lignification {unknown}
 k - 3 potions of resistance {unknown}
 o - 5 potions of curing
 q - 7 potions of heal wounds
 r - 2 potions of haste {unknown}
 s - 2 potions of cancellation {unknown}
 t - 4 potions of attraction {unknown}
 w - 3 potions of ambrosia {unknown}
 D - 5 potions of brilliance {unknown}
 F - 3 potions of invisibility {unknown}


   Skills:
 + Level 12.5 Fighting
 * Level 16.1 Ranged Weapons
 - Level 10.1 Dodging
 - Level 5.0 Stealth
 + Level 9.2 Spellcasting
 - Level 5.0 Hexes
 - Level 6.0 Translocations
 - Level 6.0 Air Magic
 + Level 10.4 Invocations
 - Level 8.0 Evocations


You had 24 spell levels left.
You knew the following spells:

 Your Spells              Type           Power      Damage    Failure   Level
a - Portal Projectile     Hex/Tloc       50%        N/A       3%          3
b - Teleport Other        Tloc           26%        N/A       2%          3
c - Swiftness             Air            26%        N/A       2%          3

Your spell library contained the following spells:

 Spells                   Type           Power      Damage    Failure   Level
 Blink                    Tloc           52%        N/A       1%          2
 Lesser Beckoning         Tloc           52%        N/A       1%          2
 Gell's Gravitas          Tloc           26%        N/A       2%          3
 Shock                    Conj/Air       68%        1d7       3%          1
 Confusing Touch          Hex            23%        N/A       3%          3
 Momentum Strike          Conj/Tloc      34%        3d8       4%          2
 Poisonous Vapours        Pois/Air       34%        N/A       4%          2
 Ensorcelled Hibernation  Hex/Ice        30%        N/A       5%          2
 Cigotuvi's Dreadful Rot  Necr/Pois/Air  26%        N/A       7%          2
 Airstrike                Air            13%        2d(2-18)  9%          4
 Passage of Golubria      Tloc           26%        N/A       9%          4
 Inner Flame              Hex/Fire       15%        N/A       11%         3
 Mephitic Cloud           Conj/Pois/Air  13%        N/A       13%         3
 Cause Fear               Hex            11%        N/A       13%         4
 Sublimation of Blood     Necr           7%         N/A       16%         2
 Stone Arrow              Conj/Erth      14%        3d7       30%         3
 Petrify                  Tmut/Erth      7%         N/A       69%         4
 Metabolic Englaciation   Hex/Ice        7%         N/A       69%         5
 Yara's Violent Unravell  Hex/Tmut       7%         3d5       69%         5
 Blade Hands              Tmut           3%         N/A       95%         5
 Irradiate                Conj/Tmut      3%         3d12      95%         5
 Statue Form              Tmut/Erth      4%         N/A       100%        6
 Dragon Form              Tmut           3%         N/A       100%        7
 Discord                  Hex            11%        N/A       100%        8
 Lehudib's Crystal Spear  Conj/Erth      3%         10d3      100%        8
 Chain Lightning          Conj/Air       8%         3d11      100%        9
 Fire Storm               Conj/Fire      3%         8d1       100%        9
 Shatter                  Erth           3%         3d7*      100%        9
 Tukima's Dance           Hex            Unusable   N/A       N/A         3
 Animate Armour           Summ/Erth      Unusable   N/A       N/A         4

Dungeon Overview and Level Annotations

Branches:
Dungeon (15/15)            Temple (1/1) D:7            Lair (5/5) D:8
 Shoals (1/4) Lair:3       Spider (0/4) Lair:3        Slime (0/5) Lair:5
    Orc (2/2) D:11            Elf (0/3) Orc:2        Vaults (0/5) D:14
 Depths (0/4) D:15          IceCv (visited)

Altars:
Ashenzari
Cheibriados
Dithmenos
Elyvilon
Fedhas
Gozag
Hepliaklqana
Kikubaaqudgha
Makhleb
Nemelex Xobeh
Okawaru
Qazlal
Ru
Sif Muna
Trog
Uskayaw
Vehumet
Wu Jian
Xom
Yredelemnul
Zin
The Shining One
Jiyva

Shops:
D:12 [   D:13 *   Orc:2 *?(=

Portals:
Pandemonium: Orc:2
Trove: D:11 (give +4 demon blade)

Annotations:
D:13 3 runed translucent doors, Haaf's ghost, journeyman MfHu
Shoals:1 Donald


Innate Abilities, Weirdness & Mutations

You can breathe wild blasts of lightning.
Your glossy black scales are hard. (AC +9)
You cannot fit into any form of body armour.
Your large and strong wings let you fly.
You are resistant to electric shocks. (rElec)
You are cold-blooded and may be slowed by cold attacks.
You are weak. (Str -2)


Message History

Aim: Donald, wielding a +0 eveningstar, wearing a +3 chain mail of cold resistance and wearing a +0 kite shield (water, severely wounded, fast, strong, 83% to hit)
You shoot a bolt.
Donald blocks the bolt.
Donald says, "I think I hate rivers, but I can't remember why."
Donald misses you. The merfolk completely misses you.
Donald hits you with a +0 eveningstar!!
The faun shoots a sling bullet.
The sling bullet hits you but does no damage.
A manticore comes into view.
Fire: M) +9 arbalest (elec)
Press: ? - help, Q - select action, (/) - cycle Shift-Dir - straight line, f/p - Donald
Aim: Donald, wielding a +0 eveningstar, wearing a +3 chain mail of cold resistance and wearing a +0 kite shield (water, severely wounded, fast, strong, 83% to hit)
You shoot a bolt.
Donald blocks the bolt.
Donald says, "I like the beach, but I hate the sea."
Donald barely misses you. The merfolk closely misses you.
The faun casts a spell at you.
Your willpower is stripped away!
Donald closely misses you.
Unknown command.
As you read the scroll of teleportation, it crumbles to dust.
You feel strangely unstable.
You feel stable enough to blink again. The merfolk closely misses you.
Donald closely misses you.
The faun shoots a sling bullet.
The sling bullet barely misses you. The merfolk impaler misses you.
Donald attacks as you move away! Donald closely misses you.
The merfolk hits you but does no damage.
Donald hits you with a +0 eveningstar!!
The merfolk impaler completely misses you.
Donald attacks as you move away! Donald hits you with a +0 eveningstar!!
* * * LOW HITPOINT WARNING * * *
You feel much better.
The sentinel's mark upon you fades away.
Donald completely misses you.
The merfolk impaler completely misses you.
The merfolk hits you from afar with a +0 trident!!
* * * LOW HITPOINT WARNING * * *
The faun shoots a sling bullet.
The sling bullet hits you!
* * * LOW HITPOINT WARNING * * *
The merfolk impaler barely misses you.
Donald says, "A turtle bit me.
I hate turtles."
Donald hits you with a +0 eveningstar!!
You die...

~~~~~~~~P~~~~≈≈≈≈≈≈#
~~~~~~~~~~≈≈≈≈≈≈#
~~~~~~~~~≈≈≈≈≈≈≈#
..~~~~~~~≈≈≈≈≈≈≈#
#.~...c~~≈≈≈≈≈≈≈#
.####.~~≈≈≈≈≈≈≈#
##~~~≈≈≈≈≈≈#
##.~H≈≈≈≈≈≈#
#^.~~≈m@@≈≈#
###.~~~≈H≈≈≈≈#
#..~†~~≈m≈≈≈≈#
...†~~~~≈≈≈≈≈≈≈#
.~~~~~~~≈≈≈≈≈≈≈≈#
~~~~~~~≈≈≈≈≈≈≈≈≈#
~m~~~≈≈≈≈≈≈≈≈≈≈≈#
~~~≈≈≈≈≈≈≈≈≈≈≈≈≈#
~≈≈≈≈≈≈≈≈≈≈≈≈≈≈#


You could see Donald (fast, strong), a merfolk impaler, a merfolk, a faun and 2
manticores.

Vanquished Creatures
  Nikola (Shoals:1)
  Kirke (D:13)
  2 orc warlords
  Snorg (D:12)
  An ettin (shapeshifter) (D:12)
  Josephine (D:13)
  An entropy weaver (shapeshifter) (D:15)
  An ice dragon (D:12)
  5 hydras
  Erolcha (D:12)
  Fannar (D:12)
  3 catoblepae
  2 demonspawn (Orc:2)
  7 centaur warriors
  Erica (D:8)
  6 boulder beetles
  5 two-headed ogres
  A deep troll shaman (Lair:5)
  2 tengu warriors (D:15)
  4 orc high priests (Orc:2)
  4 death yaks (Lair:5)
  Nergalle (Lair:1)
  A sixfirhy (Orc:2)
  4 sea snakes (Shoals:1)
  A lindwurm (D:14)
  A deep elf archer (D:14)
  2 deep elf zephyrmancers (D:15)
  2 necromancers
  A wolf spider zombie (D:15)
  Pikel (D:8)
  6 orc knights
  11 ugly things
  4 deep elf pyromancers
  9 orc sorcerers
  4 cyclopes
  4 manticores
  8 elephants
  3 torpor snails (Lair:5)
  An ice statue (IceCv)
  5 black mambas
  A merfolk siren (Shoals:1)
  Joseph (D:7)
  Maggie (D:7)
  3 kobold demonologists
  14 cane toads
  2 gargoyles (D:12)
  A centaur skeleton (D:15)
  9 komodo dragons
  An unseen horror (D:13)
  Psyche (D:8)
  A yaktaur (shapeshifter) (D:13)
  11 ice devils
  10 rime drakes
  6 freezing wraiths
  2 tengu conjurers (D:15)
  2 anaconda simulacra (IceCv)
  2 hellwings (Orc:2)
  3 merfolk (Shoals:1)
  2 trolls
  8 polar bears
  3 meliai (D:14)
  2 wind drakes (Shoals:1)
  5 snapping turtles (Shoals:1)
  4 dream sheep (Lair:4)
  A centaur simulacrum (D:15)
  A culicivora (Lair:3)
  Sigmund (D:4)
  A water elemental (Shoals:1)
  10 wyverns
  3 slime creatures (D:12)
  6 wraiths
  55 yaks
  A ynoxinul (Orc:2)
  2 shadows (D:12)
  9 basilisks
  2 dire elephant simulacra (IceCv)
  16 humans (D:14)
  4 hogs (D:13)
  A culicivora (shapeshifter) (D:13)
  10 vampire mosquitoes
  2 steam dragons (D:7)
  4 death yak simulacra (IceCv)
  Menkaure (D:4)
  5 wargs
  3 acid dragons
  2 harpy simulacra (IceCv)
  2 hydra simulacra (IceCv)
  Duvessa (D:7)
  A hell hound (Lair:3)
  16 water moccasins
  3 ice beasts
  A black bear (D:6)
  43 orc warriors
  2 sky beasts (D:7)
  9 ogres
  14 wolves
  19 centaurs
  A lemure (D:8)
  A phantom (D:6)
  5 kobold brigands
  8 bullfrogs
  3 scorpions
  5 cane toad simulacra (IceCv)
  A necrophage (D:5)
  4 gnoll sergeants
  10 wights
  2 elephant simulacra (IceCv)
  Dowan (D:7)
  An electric eel (Lair:2)
  3 howler monkeys
  23 orc priests
  7 hounds
  A jelly (D:6)
  3 gnoll boudas (D:6)
  2 iguanas
  21 orc wizards
  6 hell rats (Lair:3)
  5 polar bear simulacra (IceCv)
  2 troll simulacra (IceCv)
  4 wolf simulacra (IceCv)
  8 adders
  25 gnolls
  A naga simulacrum (IceCv)
  2 shadow imps (D:6)
  3 white imps
  2 ufetubi
  4 worms
  4 dart slugs
  94 orcs
  8 ball pythons
  3 endoplasms (D:4)
  A giant cockroach (D:2)
  5 goblins
  13 hobgoblins
  3 jackals (D:1)
  2 quokkas
  8 bats
  3 frilled lizards
  15 kobolds
  3 rats
792 creatures vanquished.

Vanquished Creatures (others)
  A centaur skeleton (D:15)
  An orc wizard (D:6)
  18 fungi
  52 plants
72 creatures vanquished.

Grand Total: 864 creatures vanquished

Notes
Turn   | Place    | Note
-------+----------+-------------------------------------------
     0 | D:1      | Mitcholas the Draconian Hunter began the quest for the Orb.
     0 | D:1      | Reached XP level 1. HP: 17/17 MP: 1/1
   206 | D:1      | Reached skill level 4 in Ranged Weapons
   317 | D:1      | You fall into a shaft and drop 1 floor!
   328 | D:2      | Reached XP level 2. HP: 24/24 MP: 2/2
   336 | D:2      | Found a faded altar of an unknown god.
   903 | D:2      | Reached XP level 3. HP: 28/29 MP: 3/3
  1174 | D:3      | Reached skill level 5 in Ranged Weapons
  1212 | D:3      | Reached XP level 4. HP: 26/36 MP: 4/4
  1798 | D:4      | Noticed an ogre
  1800 | D:4      | Reached XP level 5. HP: 41/41 MP: 5/5
  1845 | D:4      | Reached skill level 6 in Ranged Weapons
  2246 | D:4      | Noticed Menkaure
  2260 | D:4      | Killed Menkaure
  2261 | D:4      | Reached XP level 6. HP: 38/48 MP: 6/6
  2311 | D:4      | Reached skill level 7 in Ranged Weapons
  2311 | D:4      | Reached skill level 1 in Stealth
  2551 | D:4      | Noticed Sigmund
  2560 | D:5      | Entered Level 5 of the Dungeon
  2782 | D:5      | Noticed a yak
  2789 | D:5      | Your scales start taking on a glossy black colour.
  2789 | D:5      | Reached XP level 7. HP: 56/56 MP: 7/7
  2789 | D:5      | Gained mutation: You are resistant to electric shocks.
                  | (rElec) [Black Draconian growth]
  2797 | D:5      | Killed a yak
  2807 | D:5      | Noticed a yak
  2807 | D:5      | Noticed a yak
  2809 | D:5      | Noticed a yak
  2973 | D:5      | Killed a yak
  3059 | D:5      | Noticed a yak
  3076 | D:5      | Killed a yak
  3077 | D:5      | Reached skill level 8 in Ranged Weapons
  3077 | D:5      | Reached XP level 8. HP: 30/66 MP: 8/8
  3534 | D:4      | Reached skill level 5 in Fighting
  3612 | D:4      | Killed Sigmund
  3613 | D:4      | Reached skill level 9 in Ranged Weapons
  3719 | D:6      | Reached XP level 9. HP: 74/74 MP: 9/9
  3865 | D:6      | Found a hide-covered altar of Uskayaw.
  4008 | D:6      | Found a sacrificial altar of Ru.
  4018 | D:6      | Found a hazy altar of Hepliaklqana.
  4204 | D:6      | Reached skill level 5 in Dodging
  4204 | D:6      | Reached skill level 5 in Stealth
  4677 | D:7      | Reached skill level 10 in Ranged Weapons
  4732 | D:7      | Got the Collected Works on Spellbinding
  4757 | D:7      | Learned a level 3 spell: Portal Projectile
  5007 | D:7      | Reached skill level 1 in Spellcasting
  5007 | D:7      | Reached skill level 1 in Translocations
  5007 | D:7      | Reached skill level 1 in Evocations
  5007 | D:7      | Reached XP level 10. HP: 80/82 MP: 11/11
  5044 | D:7      | Reached skill level 1 in Hexes
  5056 | D:7      | Identified the +2 halberd of the Extremes {drain, rPois
                  | rC+}
  5099 | D:7      | Noticed Joseph
  5124 | D:7      | Paralysed by Joseph for 4 turns
  5162 | D:7      | Killed Joseph
  5199 | D:7      | Noticed Duvessa
  5200 | D:7      | Noticed Dowan
  5210 | D:7      | Killed Dowan
  5215 | D:7      | Killed Duvessa
  5360 | D:7      | Found a staircase to the Ecumenical Temple.
  5528 | Temple   | Entered the Ecumenical Temple
  5724 | Temple   | Became a worshipper of Warmaster Okawaru
  5957 | D:7      | Noticed Maggie
  5981 | D:7      | Killed Maggie
  6252 | D:8      | Found a staircase to the Lair.
  6264 | D:8      | Reached * piety under Okawaru
  6283 | D:8      | Noticed Psyche
  6303 | D:8      | Killed Psyche
  6477 | D:8      | Found an ancient bone altar of Kikubaaqudgha.
  6700 | D:8      | Noticed Pikel
  6713 | D:8      | Killed Pikel
  6717 | D:8      | Noticed Erica
  6738 | D:8      | Killed Erica
  6738 | D:8      | Reached ** piety under Okawaru
  6739 | D:8      | Reached skill level 11 in Ranged Weapons
  6739 | D:8      | Reached skill level 1 in Invocations
  6865 | D:9      | Reached XP level 11. HP: 92/92 MP: 15/15
  6880 | D:9      | Identified the +10 quarterstaff "Enefipn" {elec, Will+
                  | Stlth+}
  8003 | D:10     | Entered Level 10 of the Dungeon
  8015 | D:10     | Found a snail-covered altar of Cheibriados.
  8016 | D:10     | Found a burning altar of Makhleb.
  8019 | D:10     | Found a bloodstained altar of Trog.
  8020 | D:10     | Found a shimmering blue altar of Sif Muna.
  8020 | D:10     | Found an opulent altar of Gozag.
  8020 | D:10     | Found a glowing silver altar of Zin.
  8025 | D:10     | Found a shadowy altar of Dithmenos.
  8135 | D:10     | Reached *** piety under Okawaru
  8995 | D:11     | Found a staircase to the Orcish Mines.
  8998 | D:11     | Noticed a two-headed ogre
  9007 | D:11     | Killed a two-headed ogre
  9007 | D:11     | Reached **** piety under Okawaru
  9136 | D:11     | Gained mutation: Your magical capacity is low. (-10% MP) [a
                  | neqoxec]
  9138 | D:11     | Gained mutation: You are vulnerable to heat. (rF-) [a
                  | neqoxec]
  9139 | D:11     | Gained mutation: You are clumsy. (Dex -2) [a neqoxec]
  9149 | D:11     | Gained mutation: You are dopey. (Int -2) [a neqoxec]
  9249 | D:11     | Found a white marble altar of Elyvilon.
  9365 | D:11     | Lost mutation: You are vulnerable to heat. (rF-) [potion of
                  | mutation]
  9365 | D:11     | Lost mutation: Your magical capacity is low. (-10% MP)
                  | [potion of mutation]
  9365 | D:11     | Lost mutation: You are clumsy. (Dex -2) [potion of
                  | mutation]
  9365 | D:11     | Gained mutation: You have a pair of small antennae on your
                  | head. [potion of mutation]
  9365 | D:11     | Gained mutation: You are covered in fur. (AC +1) [potion of
                  | mutation]
  9366 | D:11     | Lost mutation: You have a pair of small antennae on your
                  | head. [potion of mutation]
  9366 | D:11     | Lost mutation: You are covered in fur. (AC +1) [potion of
                  | mutation]
  9366 | D:11     | Lost mutation: You are dopey. (Int -2) [potion of mutation]
  9366 | D:11     | Gained mutation: Your body sometimes deteriorates upon
                  | taking damage. [potion of mutation]
  9366 | D:11     | Gained mutation: You sometimes lose your temper in combat.
                  | [potion of mutation]
  9367 | D:11     | Lost mutation: Your body sometimes deteriorates upon taking
                  | damage. [potion of mutation]
  9367 | D:11     | Lost mutation: You sometimes lose your temper in combat.
                  | [potion of mutation]
  9367 | D:11     | Gained mutation: You are weak. (Str -2) [potion of
                  | mutation]
  9505 | D:11     | Found a portal to a secret trove of treasure.
  9758 | Lair:1   | Entered Level 1 of the Lair of Beasts
  9776 | Lair:1   | Reached ***** piety under Okawaru
  9984 | Lair:1   | Noticed Nergalle
  9994 | Lair:1   | Killed Nergalle
  9995 | Lair:1   | Reached XP level 12. HP: 89/103 MP: 18/18
 10616 | Lair:1   | Reached skill level 12 in Ranged Weapons
 10935 | Lair:2   | Reached skill level 5 in Evocations
 10959 | Lair:2   | Noticed a boulder beetle
 11015 | Lair:2   | Reached skill level 5 in Translocations
 11300 | Lair:2   | Reached ****** piety under Okawaru
 11323 | Lair:2   | Received a gift from Okawaru
 11587 | Lair:2   | Killed a boulder beetle
 11701 | Lair:3   | Found a hole to the Spider Nest.
 11751 | Lair:3   | Reached skill level 5 in Hexes
 11824 | Lair:3   | Reached skill level 5 in Spellcasting
 11846 | Lair:3   | Found a staircase to the Shoals.
 11853 | Lair:3   | Reached skill level 5 in Invocations
 12054 | Lair:3   | Received a gift from Okawaru
 12068 | Lair:3   | Noticed a four-headed hydra
 12084 | Lair:3   | Reached XP level 13. HP: 76/111 MP: 21/21
 12566 | Lair:4   | Identified the +4 buckler of Gotaf {Rampage *Corrode Str+8
                  | Dex+4} (Okawaru gifted it to you on level 4 of the Lair of
                  | Beasts)
 12566 | Lair:4   | Received a gift from Okawaru
 12567 | Lair:4   | Reached skill level 13 in Ranged Weapons
 12595 | Lair:4   | Learned a level 3 spell: Teleport Other
 12599 | Lair:4   | Learned a level 3 spell: Swiftness
 12663 | Lair:4   | Reached skill level 1 in Air Magic
 13104 | Lair:5   | Entered Level 5 of the Lair of Beasts
 13127 | Lair:5   | Reached skill level 10 in Fighting
 13431 | Lair:5   | Received a gift from Okawaru
 13681 | Lair:5   | Found a staircase to the Slime Pits.
 13724 | Lair:5   | Found a snail-covered altar of Cheibriados.
 13875 | Lair:5   | Identified the +9 falchion "Isoufe" {spect, +Blink rN+
                  | Int-4}
 14166 | Lair:5   | Gained mutation: Your large and strong wings let you fly.
                  | [Black Draconian growth]
 14166 | Lair:5   | Reached XP level 14. HP: 69/122 MP: 24/24
 14622 | D:12     | Noticed Snorg
 14627 | D:12     | Found a frozen archway.
 14658 | D:12     | Killed Snorg
 14667 | D:12     | Reached skill level 14 in Ranged Weapons
 14689 | IceCv    | Entered an ice cave
 14980 | IceCv    | Found an ancient bone altar of Kikubaaqudgha.
 15112 | IceCv    | Reached skill level 5 in Air Magic
 15353 | IceCv    | Identified the ring of the Mutiny {rN+ rCorr}
 15508 | D:12     | Noticed Erolcha
 15511 | D:12     | Killed Erolcha
 15566 | D:12     | Found Ugaluled's Armour Boutique.
 15722 | D:12     | Identified the +2 cloak "Wukyzom" {-Tele rElec Slay+3}
                  | (Okawaru gifted it to you on level 12 of the Dungeon)
 15722 | D:12     | Received a gift from Okawaru
 15808 | D:12     | Noticed Fannar
 15819 | D:12     | Killed Fannar
 16182 | D:13     | Noticed Josephine
 16188 | D:13     | Killed Josephine
 16486 | D:13     | Found the +3 greatsling "Punk" {acid, rCorr}
 16678 | D:13     | Found a runed translucent gate.
 16678 | D:13     | Found a runed translucent gate.
 16678 | D:13     | Noticed an azure jelly
 16679 | D:13     | Found a runed translucent gate.
 16680 | D:13     | Noticed a quicksilver ooze
 16680 | D:13     | Noticed an acid blob
 16681 | D:13     | Noticed an azure jelly
 16681 | D:13     | Noticed Haaf's ghost (journeyman MfHu)
 16681 | D:13     | Noticed an acid blob
 16682 | D:13     | Noticed an azure jelly
 16682 | D:13     | Noticed an azure jelly
 16683 | D:13     | Noticed an azure jelly
 16683 | D:13     | Noticed an acid blob
 16745 | D:13     | Found Asoe's Assorted Antiques.
 16769 | D:13     | Noticed Kirke
 16775 | D:13     | Noticed a sphinx
 16779 | D:13     | Killed Kirke
 16923 | D:13     | Found a viscous altar of Jiyva.
 16946 | D:14     | Noticed Urug
 16946 | D:14     | Found a gate to the Vaults.
 17051 | D:14     | Reached XP level 15. HP: 129/130 MP: 26/26
 17230 | D:14     | Urug changed into Urug the lindwurm
 17230 | D:14     | Noticed Urug
 17236 | D:14     | Killed Urug the lindwurm
 17441 | D:14     | Received a gift from Okawaru
 17566 | D:14     | Identified the +9 dagger of the Egg {heavy, rPois rC+ Dex-4
                  | Stlth+}
 17862 | D:15     | Entered Level 15 of the Dungeon
 18052 | D:15     | Reached skill level 15 in Ranged Weapons
 18232 | D:15     | Identified a scroll of acquirement
 18232 | D:15     | Acquired the ring of the Salmon {Drain +Blink rPois rCorr
                  | Int+6}
 18319 | D:15     | Found an iron altar of Okawaru.
 18355 | D:15     | Reached skill level 10 in Dodging
 18650 | D:15     | Found a staircase to the Depths.
 18764 | D:15     | Identified the +1 pair of gloves "Upsen" {Rampage} (Okawaru
                  | gifted it to you on level 15 of the Dungeon)
 18764 | D:15     | Received a gift from Okawaru
 18992 | Orc:1    | Entered Level 1 of the Orcish Mines
 19441 | Orc:2    | Entered Level 2 of the Orcish Mines
 19682 | Orc:2    | Found a staircase to the Elven Halls.
 20473 | Orc:2    | Found a staircase to the Elven Halls.
 20754 | Orc:2    | Found Win Ukiyq's Magic Scroll Boutique.
 20756 | Orc:2    | Found Loroik's General Store.
 21052 | Orc:2    | Reached skill level 10 in Invocations
 21057 | Orc:2    | Reached XP level 16. HP: 139/139 MP: 28/28
 21097 | Orc:2    | Paralysed by an orc sorcerer for 5 turns
 21127 | Orc:2    | Found Nahug's Antique Weapon Shoppe.
 21127 | Orc:2    | Found Gedgh's Jewellery Emporium.
 21128 | Orc:2    | Found a one-way gate leading to the halls of Pandemonium.
 21336 | Shoals:1 | Entered Level 1 of the Shoals
 21353 | Shoals:1 | Identified the +1 buckler of the Arena {Harm rF+ Dex+4
                  | Stlth-} (Okawaru gifted it to you on level 1 of the Shoals)
 21353 | Shoals:1 | Received a gift from Okawaru
 21599 | Shoals:1 | Reached skill level 16 in Ranged Weapons
 21826 | Shoals:1 | Noticed Nikola
 21838 | Shoals:1 | Killed Nikola
 21969 | Shoals:1 | Noticed Donald
 21984 | Shoals:1 | Mangled by Donald

Illustrated notes

Levels and vault maps discovered:
D:1:      lightli_arrival_statuegarden, layout_loops_ring
D:2:      layout_rooms, basic_ecumenical_altar
D:3:      layout_loops_ring, serial_bayou_pond_a
D:4:      layout_basic, minmay_misc_feat_columns,
          chequers_serial_rivers_micro_d, hangedman_abyss_or_decor_lesser_grid,
          dk_rats_in_the_wall, uniq_sigmund, uniq_menkaure
D:5:      layout_basic, serial_curves, eino_curves_03, eino_curves_04
D:6:      kennysheep_housing_project, layout_rooms, lemuel_round_altar,
          grunt_temple_overflow_open
D:7:      layout_loops_cross, minmay_temple_entry_poolview,
          minmay_quadrilaterals, uniq_maggie, uniq_joseph, uniq_duvessa
D:8:      layout_loops_cross, nicolae_kikubaaqudgha_miasma_corner,
          erik_lair_orcish_takeover, uniq_psyche, uniq_pikel, uniq_erica
D:9:      layout_layer_cave, special_room [special_room_orc]
D:10:     layout_roguey [special_room_orc], minitemple,
          hangedman_abyss_or_decor_stagger
D:11:     layout_roguey, orc_0_dummy, trove_entry_hex_spiral, elyvilon_altar_5
D:12:     layout_roguey, portal_ice_cave_entry_animals_and_master, serial_shops,
          shop_statue, grunt_ministairs_10, uniq_snorg, uniq_fannar,
          uniq_erolcha
D:13:     layout_roguey, gammafunk_ghost_ooze, serial_shops, shop, uniq_kirke,
          uniq_josephine
D:14:     layout_irregular_city, david_vaults_3, chequers_serial_rivers_micro_d
D:15:     grunt_enter_depths_magical_seal, layout_long_grid, nrook_mini_vaults,
          okawaru_ov_weapons_minmay
Temple:   grunt_temple_mini_profane
Lair:1:   layout_long_grid, uniq_nergalle
Lair:2:   layout_long_grid, cheibrodos_lair_reptile_den, serial_bayou_shore_a,
          grunt_megastairs_3
Lair:3:   layout_hall_layers, elwin_shoals_entry_rocks,
          hellmonk_spider_entry_life_and_decay, special_room
          [special_room_mythical_zoo]
Lair:4:   layout_roguey
Lair:5:   grunt_lair_end_beastmaster, layout_cave_pods, slime_entry_1,
          kennysheep_snail_temple
Shoals:1: layout_shoals, uniq_nikola, uniq_donald
Orc:1:    cheibrodos_orc_bank, layout_caves, nicolae_shop_firing_range
Orc:2:    pf_orc_diabolical, layout_caves

Skill      XL: |  1  2  3  4  5  6  7  8  9 10 11 12 13 14 15 16 |
---------------+-------------------------------------------------+-----
Ranged Weapons | 4 5 6 7 8 9 10 11 12 13 14 15 16 | 16.1
Dodging        | 2 3 4 5 6 7 8 9 10 | 10.1
Stealth        | 1 3 4 5 |  5.0
Fighting       | 4 5 6 7 8 9 10 11 12 | 12.5
Spellcasting   | 1 2 4 5 6 7 8 9 |  9.2
Translocations | 1 3 4 5 6 |  6.0
Evocations     | 1 3 4 5 6 7 8 |  8.0
Hexes          | 2 4 5 |  5.0
Invocations    | 1 3 5 7 8 10 | 10.4
Air Magic      | 3 6 |  6.0

Action                     |  1- 3 |  4- 6 |  7- 9 | 10-12 | 13-15 | 16-18 || total
---------------------------+-------+-------+-------+-------+-------+-------++-------
  Melee: Longbow           |       |       |     1 |       |       |       ||     1
         Tailslap          |       |       |     1 |       |       |       ||     1
         Unarmed           |       |       |       |     2 |       |       ||     2
   Fire: Shortbow          |   138 |   151 |   134 |   896 |       |       ||  1319
         Longbow           |       |       |   278 |       |       |       ||   278
         Arbalest          |       |       |       |   104 |  1092 |   120 ||  1316
   Cast: Teleport Other    |       |       |       |       |     7 |       ||     7
         Swiftness         |       |       |       |       |     2 |       ||     2
 Invoke: Heroism           |       |       |       |       |     6 |     1 ||     7
         Finesse           |       |       |       |       |     2 |     1 ||     3
Ability: Breathe Lightning |       |       |     4 |     9 |    17 |     1 ||    31
         Evoke Blink       |       |       |       |       |     1 |     1 ||     2
  Evoke: Wand              |       |       |       |     3 |     7 |     1 ||    11
    Use: Scroll            |       |       |     7 |    15 |     7 |     1 ||    30
         Potion            |       |       |       |     3 |       |     1 ||     4
 Armour: Skin              |     6 |    14 |    57 |   122 |   186 |    10 ||   395
  Dodge: Dodged            |    34 |    83 |   271 |   584 |   918 |    42 ||  1932

Table legend: (Time is in decaauts)
 A = Elapsed time spent in this place.
 B = Non-inter-level travel time spent in this place.
 C = Inter-level travel time spent in this place.
 D = Time resting spent in this place.
 E = Time spent auto-exploring this place.
 F = Levels seen in this place.
 G = Mean time per level.
                   A        B        C        D        E       F      G
               +--------+--------+--------+--------+--------+-----+--------+
         Total |  22325 |  20430 |   1895 |   1662 |  13314 |  25 |  893.0 |
       Dungeon |  13760 |  12715 |   1045 |    993 |   8449 |  15 |  917.3 |
        Temple |    222 |    176 |     46 |      0 |    170 |   1 |  222.0 |
          Lair |   4900 |   4265 |    635 |    250 |   2845 |   5 |  980.0 |
        Shoals |    648 |    638 |     10 |     64 |    425 |   1 |  648.0 |
  Orcish Mines |   2010 |   1852 |    158 |    126 |   1259 |   2 | 1005.0 |
      Ice Cave |    782 |    782 |      0 |    228 |    166 |   1 |  782.0 |
               +--------+--------+--------+--------+--------+-----+--------+

Top non-repeatable levels by time:
   Orc:2: 1712 daAuts
  Lair:5: 1305 daAuts
     D:9: 1230 daAuts
    D:11: 1205 daAuts
     D:7: 1128 daAuts
    D:15: 1069 daAuts
  Lair:2: 1017 daAuts
     D:6: 1016 daAuts
     D:4: 998 daAuts
  Lair:1: 943 daAuts
    D:14: 914 daAuts
     D:5: 913 daAuts
    D:13: 907 daAuts
  Lair:4: 884 daAuts
     D:8: 833 daAuts
